Map: Acolyte LE

Players

HorseMaster

  • Race: Protoss Protoss
  • League: Platinum
  • Spawn Location: 7:00

eXile - Winner!

  • Race: Zerg Zerg
  • League: Platinum
  • Spawn Location: 1:00

VOD

Have the link to the VOD?

Description

Time

  • Played on: Aug. 25, 2017, 1:04 p.m.
  • Length: 11:05
Show
View Real Time Build Order
Export as new Build Order

HorseMaster Protoss 

Build Orders: 1 Gate Expand 

Get SALT Encoding   

  12  0:01  Probe (Chrono Boost)  
  13  0:11  Probe (Chrono Boost)  
  14  0:24  Pylon  
  15  0:28  Probe (Chrono Boost)  
  16  0:43  Probe (Chrono Boost)  
  16  0:45  Gateway  
  16  0:47  Assimilator  
  16  0:53  Probe (Chrono Boost)  
  17  1:20  Gateway  
  17  1:37  Nexus  
  17  1:44  Zealot (Chrono Boost)  
  18  2:02  Cybernetics Core  
  18  2:05  Pylon  
  18  2:15  Zealot (Chrono Boost)  
  20  2:29  Probe  
  21  2:30  Warp Gate (Chrono Boost)  
  21  2:39  Adept (Chrono Boost)  
  21  2:43  Adept (Chrono Boost)  
  25  2:50  Twilight Council  
  25  2:57  Probe  
  26  3:00  Probe  
  27  3:11  Adept (Chrono Boost)  
  29  3:15  Mothership Core  
  31  3:25  Forge  
  31  3:33  Pylon  
  31  3:40  Probe  
  32  3:43  Pylon  
  32  4:09  Resonating Glaives (Chrono Boost)  
  32  4:12  Probe, Photon Cannon  
  32  4:14  Probe  
  34  4:24  Probe  
  34  4:27  Probe  
  34  4:29  Stalker  
  34  4:30  Stalker  
  40  4:37  Probe  
  40  4:38  Assimilator  
  41  5:00  Probe  
  41  5:03  Adept x2  
  41  5:04  Probe  
  47  5:10  Probe  
  48  5:20  Probe  
  48  5:21  Probe  
  49  5:23  Robotics Facility  
  49  5:24  Zealot x2  
  54  5:35  Protoss Ground Weapons Level 1 (Chrono Boost)  
  54  5:40  Probe  
  54  5:42  Probe  
  56  5:50  Adept x2  
  56  5:51  Probe  
  56  5:54  Probe  
  62  6:00  Pylon  
  62  6:01  Assimilator  
  62  6:18  Probe x2, Immortal (Chrono Boost), Pylon  
  68  6:29  Adept  
  70  6:36  Probe x2  
  70  6:39  Adept  
  74  6:48  Probe x2  
  74  6:49  Pylon  
  74  6:52  Templar Archives  
  76  6:55  Assimilator  
  76  7:00  Probe  
  77  7:12  Stalker  
  77  7:13  Stalker  
  81  7:29  Gateway x2  
  81  7:38  Nexus  
  81  7:43  Probe  
  78  7:47  Immortal (Chrono Boost)  
  78  7:48  Probe  
  83  7:55  Probe  
  84  8:00  Probe  
  84  8:05  Pylon x2  
  85  8:08  Probe, Pylon  
  86  8:23  Probe x2  
  86  8:24  Immortal (Chrono Boost)  
  92  8:29  Pylon  
  92  8:30  High Templar x2  
  96  8:34  Archon  
  96  8:37  High Templar x2  
  100  8:41  Archon  
  100  8:43  Probe  
  100  8:46  Probe  
  100  8:47  Pylon  
  102  8:53  Probe  
  103  8:56  Probe  
  103  8:57  Observer (Chrono Boost)  
  103  9:00  Gateway x2  
  105  9:03  Stalker  
  105  9:04  Stalker  
  105  9:05  Probe  
  110  9:16  Warp Prism (Chrono Boost)  
  112  9:19  Probe  
  112  9:22  Adept x2  
  117  9:25  Probe x2  
  117  9:31  Probe  
  120  9:32  Assimilator  
  120  9:37  Probe  
  121  9:46  Immortal (Chrono Boost)  
  117  9:56  Adept x4  
  93  10:03  Probe  
  90  10:15  High Templar x2  
  90  10:16  Zealot, Immortal  
  90  10:17  Zealot x3  
  90  10:18  Probe  
  107  10:22  Assimilator  
  107  10:24  Probe  
  107  10:27  Probe, Archon  
  97  10:38  Adept x4  
  83  10:49  Adept x2  
  73  10:53  High Templar x2  
  73  10:57  Archon  
Show
View Real Time Build Order
Export as new Build Order

eXile Zerg - Winner!

Build Orders: Pool First 

Get SALT Encoding   

  12  0:02  Drone  
  13  0:14  Overlord  
  13  0:21  Drone  
  14  0:35  Spawning Pool  
  14  0:39  Drone  
  14  0:44  Drone  
  15  1:08  Hatchery  
  14  1:15  Drone  
  15  1:23  Zergling x2  
  15  1:24  Zergling x2  
  17  1:43  Hatchery  
  16  1:51  Drone x2  
  16  1:54  Drone  
  19  2:04  Queen  
  21  2:11  Overlord  
  21  2:21  Queen  
  23  2:31  Drone  
  23  2:32  Drone x2  
  26  2:39  Drone x2  
  28  2:45  Overlord  
  28  2:57  Queen  
  30  3:02  Queen  
  30  3:05  Drone  
  33  3:06  Drone  
  33  3:09  Drone  
  35  3:16  Queen  
  37  3:22  Drone x2  
  39  3:37  Queen  
  39  3:39  Drone x2  
  43  3:46  Overlord  
  43  3:52  Queen  
  43  3:54  Drone  
  46  3:56  Drone  
  47  4:06  Queen  
  49  4:13  Queen  
  49  4:14  Drone x3  
  49  4:15  Drone x4  
  58  4:19  Overlord x2  
  58  4:25  Extractor  
  58  4:26  Extractor  
  58  4:27  Extractor  
  58  4:28  Extractor  
  54  4:42  Queen  
  54  4:44  Drone x4  
  54  4:45  Drone x6  
  66  5:15  Drone x2  
  66  5:16  Zergling x4, Drone x3  
  66  5:17  Zergling x2  
  66  5:18  Overlord x5  
  74  5:36  Queen, Overlord x4  
  76  5:49  Drone  
  77  5:50  Drone x6  
  77  5:51  Drone x2  
  85  6:03  Lair  
  85  6:08  Zergling x2, Metabolic Boost  
  85  6:09  Drone x2  
  85  6:10  Drone  
  89  6:12  Extractor  
  89  6:13  Extractor  
  87  6:29  Zergling x10  
  92  6:39  Hatchery  
  91  6:40  Evolution Chamber  
  91  6:41  Evolution Chamber  
  91  6:42  Drone x2  
  91  6:43  Drone x5  
  96  7:07  Spore Crawler  
  95  7:09  Spore Crawler  
  95  7:10  Zerg Missile Weapons Level 1  
  95  7:11  Zerg Ground Armor Level 1  
  94  7:17  Spire  
  84  7:49  Queen  
  85  7:56  Hydralisk Den  
  85  8:09  Zergling x2  
  85  8:10  Zergling x16  
  85  8:11  Zergling x6  
  85  8:12  Zergling x2  
  98  8:13  Zergling x16  
  106  8:25  Queen  
  108  8:31  Hatchery  
  107  8:43  Hatchery  
  107  8:44  Muscular Augments  
  107  8:46  Hatchery  
  105  8:49  Hatchery  
  105  8:50  Infestation Pit  
  103  9:06  Hydralisk x5  
  103  9:07  Hydralisk x8  
  103  9:08  Hydralisk x4  
  137  9:11  Overlord x7  
  137  9:37  Zergling x8  
  137  9:38  Zergling x14  
  148  9:45  Baneling Nest  
  139  10:05  Hydralisk x5, Zergling x12  
  139  10:06  Hydralisk, Zergling x6  
  143  10:35  Hydralisk x2  
  143  10:36  Hydralisk x8  
  143  10:37  Hydralisk x3  
Tags
 
Add a new tag
Caveats
  • Supply blocks, unpowered buildings, or Contaminate may cause inaccurate times.
  • Supply counts are checked every 10 seconds.